 Dungeon Crawl Stone Soup version 0.19.3-4-gbf9329e (webtiles) character file.

416 JeffiDaFish the Stinger (level 6, -3/44 HPs)
             Began as a Demonspawn Venom Mage on Jan 30, 2017.
             Killed from afar by an orc wizard (4 damage)
             ... with a magic dart
             ... on level 5 of the Dungeon.
             The game lasted 00:15:30 (3260 turns).

JeffiDaFish the Stinger (Demonspawn Venom Mage)     Turns: 3260, Time: 00:15:31

Health: -3/44      AC:  6    Str: 14    XL:     6   Next: 60%
Magic:  3/11       EV: 12    Int: 16    God:
Gold:   152        SH:  4    Dex: 15    Spells: 2 memorised, 7 levels left

rFire  . . .     SeeInvis .     i - +1 mace
rCold  . . .     Gourm    .     k - +0 leather armour
rNeg   . . .     Faith    .     u - +0 buckler (curse)
rPois  .         Spirit   .     (no helmet)
rElec  .         Reflect  .     (no cloak)
rCorr  .         Harm     .     (no gloves)
MR     .....     Rnd*Tele +     t - +0 pair of boots
Stlth  ++........               h - amulet of regeneration
                                (no ring)
                                o - ring of teleportation (curse)

@: mighty, lethally poisoned (-3 -> -8), very slightly contaminated, invisible
A: molten scales 1, powered by pain 1, spiny 1
a: no special abilities


You were on level 5 of the Dungeon.
You were not hungry.

You visited 1 branch of the dungeon, and saw 5 of its levels.

You collected 152 gold pieces.

Inventory:

Hand Weapons
 i - a +1 mace (weapon)
Armour
 k - a +0 leather armour (worn)
 t - a +0 pair of boots (worn)
 u - a cursed +0 buckler (worn)
Jewellery
 h - an amulet of regeneration (around neck)
 o - a cursed ring of teleportation (left hand)
Wands
 p - a wand of iceblast (6/15)
Scrolls
 d - a scroll of amnesia
 j - 9 scrolls of identify
 l - a scroll of teleportation
 q - a scroll of fog
Potions
 e - 2 potions of flight
 r - a potion of resistance
Books
 b - a Young Poisoner's Handbook

   Spells                             Type                      Level
   a - Sting                          Conjuration/Poison           1
   b - Mephitic Cloud                 Conjuration/Poison/Air       3
   c - Olgreb's Toxic Radiance        Poison                       4
   d - Alistair's Intoxication        Transmutation/Poison         5
   e - Venom Bolt                     Conjuration/Poison           5
Comestibles
 a - a beef jerky
 c - 4 bread rations
 f - a royal jelly
 g - 5 chunks of flesh
 m - 4 fruits
 n - a meat ration


   Skills:
 + Level 2.0 Fighting
 + Level 2.0 Maces & Flails
 + Level 2.5 Dodging
 + Level 3.0 Stealth
 * Level 1.0 Shields
 * Level 3.4 Spellcasting
 + Level 1.9 Conjurations
 + Level 4.7 Poison Magic


You had 7 spell levels left.
You knew the following spells:

 Your Spells              Type           Power        Failure   Level  Hunger
a - Sting                 Conj/Pois      ##..         10%         1    None
b - Mephitic Cloud        Conj/Pois/Air  #.......     38%         3    ###....


Dungeon Overview and Level Annotations

Branches:
Dungeon (5/15)
 Temple: D:4-7

Altars:
Cheibriados
Makhleb
Okawaru
Qazlal


Innate Abilities, Weirdness & Mutations

You are partially covered in molten scales. (AC +2)
You sometimes gain a little power by taking damage.
You are partially covered in sharp spines.


Message History

You are lethally poisoned!
The orc closely misses you.
It was a potion of invisibility.
You fade into invisibility!
* * * LOW HITPOINT WARNING * * *
You feel sick.
The orc wizard points at you and mumbles some strange words.
The magic dart hits you!
* * * LOW HITPOINT WARNING * * *
The orc hits you but does no damage. You block the orc's attack.
The orc wizard is struck by your spines.
The orc wizard closely misses you.
You strike the helpless orc from behind!
You thump the orc!
You kill the orc!
* * * LOW HITPOINT WARNING * * *
You feel sick.
The orc wizard gestures at you while chanting.
The magic dart hits you!
You die...

.... ###...#
###.....#
#.......#
#.......#
#....o..#####
#..))).......
#...@o.......
##..(o.....#
#...([.?###
#..(....#
#.(.....#
##..[(...#
#.......[..#
##...........
##..<.......###


You could see an orc wizard and 2 orcs.

Vanquished Creatures
  A centaur (D:5)
  A big kobold (D:3)
  2 hounds (D:4)
  An iguana (D:4)
  A worker ant (D:4)
  5 adders
  An ooze (D:4)
  2 worms
  4 dart slugs
  7 orcs
  6 bats
  6 giant cockroaches
  4 goblins (D:1)
  7 hobgoblins
  18 jackals
  4 quokkas
  4 ball pythons
  5 frilled lizards
  8 kobolds
  3 rats
90 creatures vanquished.

Notes
Turn   | Place    | Note
-------+----------+-------------------------------------------
     0 | D:1      | JeffiDaFish the Demonspawn Venom Mage began the quest for the Orb.
     0 | D:1      | Reached XP level 1. HP: 13/13 MP: 3/3
   323 | D:1      | Gained mutation: You are partially covered in sharp spines. [demonic ancestry]
   323 | D:1      | Reached XP level 2. HP: 19/19 MP: 3/5
   884 | D:1      | Reached skill level 1 in Maces & Flails
  1229 | D:2      | Gained mutation: You sometimes gain a little power by taking damage. [demonic ancestry]
  1229 | D:2      | Reached XP level 3. HP: 25/25 MP: 4/6
  1272 | D:2      | Found an iron altar of Okawaru.
  1307 | D:2      | Found a stormy altar of Qazlal.
  1317 | D:2      | Found a burning altar of Makhleb.
  1368 | D:2      | Learned a level 3 spell: Mephitic Cloud
  1477 | D:2      | Reached skill level 1 in Conjurations
  1691 | D:3      | Noticed a big kobold
  1816 | D:3      | Reached XP level 4. HP: 12/31 MP: 0/8
  2103 | D:3      | Found a snail-covered altar of Cheibriados.
  2402 | D:3      | Killed a big kobold
  2402 | D:3      | Reached skill level 1 in Fighting
  2402 | D:3      | Gained mutation: You are partially covered in molten scales. (AC +2) [demonic ancestry]
  2402 | D:3      | Reached XP level 5. HP: 35/37 MP: 1/9
  2725 | D:4      | Reached XP level 6. HP: 18/44 MP: 1/10
  3148 | D:5      | Entered Level 5 of the Dungeon
  3257 | D:5      | Reached skill level 1 in Shields
  3260 | D:5      | HP: 1/44 [poisoned by an orc]
  3260 | D:5      | Killed from afar by an orc wizard

Skill      XL: |  1  2  3  4  5  6 |
---------------+-------------------+-----
Maces & Flails | 1 2 |  2.0
Stealth        | 2 3 |  3.0
Dodging        | 2 |  2.5
Conjurations   | 1 |  1.9
Fighting       | 1 2 |  2.0
Spellcasting   | 3 |  3.4
Shields        | 1 |  1.0
Poison Magic   | |  4.7

Action                   |  1- 3 |  4- 6 || total
-------------------------+-------+-------++-------
Melee: Mace              |    47 |    60 ||   107
 Cast: Sting             |    59 |    57 ||   116
       Mephitic Cloud    |     2 |     6 ||     8
  Use: Scroll            |     8 |     2 ||    10
       Potion            |     5 |     4 ||     9
 Stab: Confused          |       |     3 ||     3
       Invisible         |       |     1 ||     1
       Sleeping          |       |     1 ||     1
  Eat: Chunk             |     4 |     6 ||    10
Armor: Robe              |    10 |       ||    10
       Leather armour    |     5 |    13 ||    18
Dodge: Dodged            |    53 |    41 ||    94
Block: Buckler           |       |     8 ||     8
